 Dungeon Crawl Stone Soup version 0.22.1-2-g9c5b331 (webtiles) character file.

54303 Lilu the Destroyer (level 14, -3/88 HPs)
             Began as a Deep Elf Conjurer on Nov 15, 2018.
             Was a High Priest of Vehumet.
             Shot with a bolt by a yaktaur captain (21 damage)
             ... on level 12 of the Dungeon on Nov 16, 2018.
             The game lasted 01:56:56 (34997 turns).

Lilu the Destroyer (Deep Elf Conjurer)             Turns: 34997, Time: 01:56:57

Health: -3/88      AC: 11    Str: 12    XL:     14   Next: 34%
Magic:  26/42      EV: 20    Int: 29    God:    Vehumet [*****.]
Gold:   1601       SH:  8    Dex: 15    Spells: 13/40 levels left

rFire    . . .     SeeInvis .   y - +2 whip (flame)
rCold    . . .     Gourm    .   V - +3 warlock's mirror {reflect}
rNeg     + . .     Faith    .   G - +0 troll leather armour
rPois    .         Spirit   .   (no helmet)
rElec    .         Reflect  +   j - +0 cloak
rCorr    .         Harm     .   P - +2 pair of gloves {Str+3}
MR       ++...                  n - +0 pair of boots
Stlth    +++.......             (no amulet)
HPRegen  0.64/turn              a - +4 ring of intelligence
MPRegen  0.28/turn              m - ring "Qutoff" {rN+ MR+ MP+9 Str+3 Stlth+}

@: no status effects
A: no striking features
a: Renounce Religion


You were on level 12 of the Dungeon.
You worshipped Vehumet.
Vehumet was extremely pleased with you.
You were not hungry.

You visited 3 branches of the dungeon, and saw 20 of its levels.
You also visited: Ice Cave.

You collected 1781 gold pieces.
You spent 180 gold pieces at shops.

Inventory:

Hand Weapons
 y - a +2 whip of flaming (weapon)
Missiles
 A - 5 poisoned tomahawks (quivered)
Armour
 j - a +0 cloak (worn)
 n - a +0 pair of boots (worn)
 v - a +0 shield
 C - a +0 leather armour of cold resistance
 G - a +0 troll leather armour (worn)
 P - a +2 pair of gloves of strength (worn)
 S - +0 acid dragon scales
 V - the +3 warlock's mirror (worn) {reflect}
   (You found it on level 12 of the Dungeon)
 W - a +1 robe of fire resistance
Jewellery
 a - a +4 ring of intelligence (left hand)
 k - a +4 ring of protection
 m - the ring "Qutoff" (right hand) {rN+ MR+ MP+9 Str+3 Stlth+}
   (You found it in an ice cave)

   [ring of positive energy]

   It affects your strength (+3).
   It protects you from negative energy.
   It affects your resistance to hostile enchantments.
   It affects your magic capacity (+9).
   It makes you more stealthy.
 o - an uncursed ring of flight
 s - an uncursed ring of resist corrosion
 H - a +4 ring of intelligence
 I - an uncursed ring of protection from magic
 M - a +3 ring of evasion
 R - an uncursed ring of poison resistance
 U - a +4 ring of strength
Wands
 q - a wand of scattershot (5)
 E - a wand of paralysis (35)
 F - a wand of enslavement (23)
 N - a wand of clouds (4)
Scrolls
 b - 4 scrolls of magic mapping
 d - a scroll of identify
 e - 3 scrolls of teleportation
 h - 9 scrolls of remove curse
 l - 3 scrolls of enchant weapon
 r - 4 scrolls of amnesia
 u - a scroll of fog {unknown}
 B - 2 scrolls of blinking
 J - 2 scrolls of enchant armour
Potions
 f - 4 potions of curing
 g - a potion of lignification
 x - 2 potions of flight
 z - 3 potions of agility
 D - a potion of mutation {unknown}
 K - 5 potions of might
 O - a potion of ambrosia {unknown}
 Q - 3 potions of haste
 T - a potion of brilliance {unknown}
 Y - a potion of invisibility {unknown}
Miscellaneous
 L - a phantom mirror
Comestibles
 c - 17 rations


   Skills:
 + Level 10.4 Fighting
 + Level 7.2 Armour
 - Level 12.0 Dodging
 - Level 2.4 Stealth
 - Level 4.0 Shields
 + Level 13.5 Spellcasting
 + Level 13.8 Conjurations
 - Level 6.2 Hexes
 * Level 3.1 Ice Magic
 * Level 2.8 Air Magic


You had 13 spell levels left.
You knew the following spells:

 Your Spells              Type           Power        Failure   Level  Hunger
a - Magic Dart            Conj           ####         0%          1    None
b - Searing Ray           Conj           ######       0%          2    None
c - Iskenderun's Mystic   Conj           #######.     1%          4    None
d - Fulminant Prism       Conj/Hex       ######....   1%          4    None
e - Conjure Flame         Conj/Fire      ######..     1%          3    None
f - Mephitic Cloud        Conj/Pois/Air  ######..     1%          3    None
g - Cause Fear            Hex            ######....   2%          4    None
h - Freezing Cloud        Conj/Ice/Air   ######....   9%          6    ####...

Your spell library contained the following spells:

 Spells                   Type           Power        Failure   Level  Hunger
 Poison Arrow             Conj/Pois      ######....   8%          6    ####...
 Corona                   Hex            ######.      1%          1    None
 Ensorcelled Hibernation  Hex/Ice        #####.       1%          2    None
 Slow                     Hex            ######..     1%          2    None
 Confuse                  Hex            ######..     1%          3    None
 Dazzling Spray           Conj/Hex       ######       1%          3    None
 Inner Flame              Hex/Fire       #####...     1%          3    None
 Tukima's Dance           Hex            ######..     1%          3    None
 Force Lance              Conj/Tloc      ######..     1%          4    None
 Portal Projectile        Hex/Tloc       #####.       2%          3    None
 Animate Skeleton         Necr           N/A          3%          1    None
 Pain                     Necr           ###.         3%          1    None
 Leda's Liquefaction      Hex/Erth       #####.....   9%          4    None
 Regeneration             Chrm/Necr      ###.......   10%         3    None
 Vampiric Draining        Necr           ###.......   10%         3    None
 Animate Dead             Necr           N/A          32%         4    None


Dungeon Overview and Level Annotations

Branches:
Dungeon (13/15)            Temple (1/1) D:7            Lair (6/6) D:10
  Swamp (0/4) Lair:2       Spider (0/4) Lair:3          Orc (0/2) D:11
  Slime: Lair:5-6    Vaults: D:13-14

Altars:
Cheibriados
Elyvilon
Fedhas
Hepliaklqana
Kikubaaqudgha
Makhleb
Nemelex Xobeh
Okawaru
Qazlal
Ru
Sif Muna
Trog
Uskayaw
Vehumet
Xom
Yredelemnul

Shops:
D:5 }   D:7 !(*=   D:8 [   D:9 :

Annotations:
D:7 exclusion: door


Message History

You see here a bolt.
The yaktaur captain shoots a bolt.
The bolt hits your fulminant prism!!
Your fulminant prism explodes!
Casting: Fulminant Prism (safe; 1% risk of failure)
Confirm with . or Enter, or press ? or * to list all spells.
Aiming: Freezing Cloud (slightly dangerous; 9% risk of failure)
Press: ? - help, Dir - move target cursor, f - yaktaur captain
Aim: a yaktaur captain, wielding an arbalest The yaktaur captain is engulfed in freezing vapours.
The yaktaur captain shoots a bolt.
The bolt hits you!!
* * * LOW HITPOINT WARNING * * *
You feel better.
The yaktaur captain is engulfed in freezing vapours.
The yaktaur captain shoots a bolt.
The bolt hits you!
* * * LOW HITPOINT WARNING * * *
You see here a bolt.
You feel better.
The yaktaur captain is engulfed in freezing vapours.
The yaktaur captain shoots a bolt.
The bolt hits you!!
You die...

##..###...###.# #.#
#.#..#
#......#.....####.#
#.#..##
##.###...###......#
#.#§... #.# ##(##
############(##.## #.#
##.########## #c(..##.#
#[#
#........c..###.#####.#
######.#
#..########.#.....# #.#
.......#
#..########.#.§...###c#
########
#......@((..(§c..((...#
#.#########.#§§.>.#####
#.# #.#.....###### #.#
#............. #.#
#####.######## #.# #.#
# #.# #.# # #.# #.# #
#.#### #.#


You could see a yaktaur captain.

Vanquished Creatures
  5 hydras
  2 ice dragons (IceCv)
  3 two-headed ogres
  2 unseen horrors
  4 wizards (D:12)
  Pikel (D:4)
  An orb spider (Lair:3)
  3 oklob plants
  2 cyclopes
  A manticore (D:11)
  Maurice (D:8)
  3 black mambas
  5 centaur zombies
  2 ice statues (IceCv)
  8 spiny frogs
  7 rime drakes
  2 komodo dragons
  6 trolls
  A meliai (D:13)
  A polar bear (Lair:1)
  A queen bee (D:10)
  A hornet (D:12)
  4 hippogriffs
  6 slime creatures
  10 blink frogs
  4 shadows
  59 yaks
  A centaur simulacrum (D:12)
  4 wyverns
  4 water elementals (D:10)
  A fire elemental (Lair:5)
  4 vampire mosquitoes (Lair:4)
  A basilisk (Lair:3)
  A hungry ghost (D:8)
  3 insubstantial wisps (Lair:4)
  Menkaure (D:4)
  2 acid dragons
  10 water moccasins
  19 porcupines
  5 orc warriors
  5 sky beasts
  2 black bears
  11 ice beasts
  A necrophage (D:7)
  6 ogres
  3 phantoms
  4 centaurs
  9 wolves
  17 crocodiles
  6 big kobolds
  21 bullfrogs
  4 gnoll sergeants (D:11)
  5 scorpions
  7 wights
  38 killer bees
  4 howler monkeys
  5 electric eels
  5 crimson imps
  2 quasits
  3 jellies
  3 hounds
  3 centaur skeletons
  2 orc priests (D:8)
  3 bullfrog zombies
  10 orc wizards
  5 iguanas
  14 worker ants
  14 hell rats
  A hound skeleton (D:11)
  3 gnolls (D:11)
  10 adders
  13 river rats (Lair:3)
  4 shadow imps
  An ooze (D:3)
  An adder zombie (D:7)
  8 worms
  3 dart slugs
  8 leopard geckos
  48 orcs
  7 bats
  4 giant cockroaches
  5 goblins
  9 hobgoblins
  15 jackals
  12 kobolds
  11 quokkas
  2 ball pythons
  5 frilled lizards
  A quokka zombie (D:6)
  11 rats
  A butterfly (Lair:4)
  2 fungi
  2 plants
600 creatures vanquished.

Vanquished Creatures (collateral kills)
  5 ice beasts (IceCv)
5 creatures vanquished.

Vanquished Creatures (others)
  68 fulminant prisms
  13 fungi
  9 plants
90 creatures vanquished.

Grand Total: 695 creatures vanquished

Notes
Turn   | Place    | Note
-------+----------+-------------------------------------------
     0 | D:1      | Lilu the Deep Elf Conjurer began the quest for the Orb.
     0 | D:1      | Reached XP level 1. HP: 10/10 MP: 6/6
   219 | D:1      | Reached XP level 2. HP: 15/15 MP: 5/8
   535 | D:1      | Reached skill level 5 in Conjurations
   872 | D:1      | Learned a level 2 spell: Searing Ray
   896 | D:2      | Reached XP level 3. HP: 19/19 MP: 6/10
  1371 | D:2      | Reached XP level 4. HP: 21/24 MP: 6/12
  1660 | D:2      | Found a faded altar of an unknown god.
  2239 | D:3      | Reached XP level 5. HP: 28/28 MP: 9/14
  2529 | D:3      | Reached skill level 5 in Spellcasting
  3265 | D:4      | Noticed a slave
  3296 | D:4      | Reached XP level 6. HP: 26/32 MP: 8/16
  3358 | D:4      | Noticed Menkaure
  3365 | D:4      | Killed Menkaure
  3755 | D:4      | Noticed a slave
  3755 | D:4      | Noticed Pikel
  3780 | D:4      | Killed Pikel
  3780 | D:4      | Reached XP level 7. HP: 14/36 MP: 4/19
  4229 | D:4      | Found a basalt altar of Yredelemnul.
  4336 | D:4      | Reached XP level 8. HP: 37/41 MP: 8/21
  4796 | D:5      | Entered Level 5 of the Dungeon
  4926 | D:5      | Found a hide-covered altar of Uskayaw.
  4929 | D:5      | Found a sparkling altar of Nemelex Xobeh.
  4961 | D:5      | Found a shimmering altar of Xom.
  5282 | D:5      | Reached skill level 10 in Conjurations
  5416 | D:5      | Paralysed by an orc for 3 turns
  5424 | D:5      | Found a snail-covered altar of Cheibriados.
  5552 | D:5      | Found Oquemioh's Gadget Shop.
  5956 | D:5      | Found an iron altar of Okawaru.
  6544 | D:6      | Learned a level 4 spell: Iskenderun's Mystic Blast
  6641 | D:6      | Reached skill level 1 in Shields
  7195 | D:7      | Reached XP level 9. HP: 45/45 MP: 20/24
  7931 | D:7      | Found Cytaod's Assorted Antiques.
  7981 | D:7      | Found Pois's Distillery.
  7989 | D:7      | Bought a potion of curing for 36 gold pieces
  7989 | D:7      | Bought a potion of curing for 36 gold pieces
  7989 | D:7      | Bought a potion of curing for 36 gold pieces
  7989 | D:7      | Bought a potion of curing for 36 gold pieces
  7992 | D:7      | Found Faguon's Antique Weapon Boutique.
  8015 | D:7      | Reached skill level 5 in Dodging
  8189 | D:7      | Found Hecho's Jewellery Boutique.
  8265 | D:7      | Found a burning altar of Makhleb.
  8334 | D:7      | Found a stormy altar of Qazlal.
  8828 | D:7      | Found a staircase to the Ecumenical Temple.
  8834 | Temple   | Entered the Ecumenical Temple
  8854 | Temple   | Became a worshipper of Vehumet
  9112 | D:8      | Noticed Maurice
  9198 | D:8      | Learned a level 4 spell: Fulminant Prism
  9338 | D:8      | Reached skill level 1 in Fighting
  9595 | D:8      | Killed Maurice
  9862 | D:8      | Reached XP level 10. HP: 53/53 MP: 15/25
  9922 | D:8      | Found an ancient bone altar of Kikubaaqudgha.
 10087 | D:8      | Reached skill level 1 in Hexes
 10404 | D:8      | Found Cuduarom's Antique Armour Shop.
 10605 | D:8      | Reached * piety under Vehumet
 10605 | D:8      | Offered knowledge of Freeze by Vehumet.
 12173 | D:7      | Bought a potion of curing for 36 gold pieces
 12355 | D:9      | Found Ficer's Book Emporium.
 13814 | D:10     | Entered Level 10 of the Dungeon
 13823 | D:10     | Reached skill level 5 in Fighting
 13905 | D:9      | Reached skill level 1 in Armour
 13905 | D:9      | Reached XP level 11. HP: 61/64 MP: 4/26
 14609 | D:10     | Reached ** piety under Vehumet
 14609 | D:10     | Offered knowledge of Flame Tongue by Vehumet.
 14980 | D:10     | Found a staircase to the Lair.
 16489 | Lair:1   | Entered Level 1 of the Lair of Beasts
 16680 | Lair:1   | Noticed an oklob plant
 16726 | Lair:1   | Reached skill level 10 in Spellcasting
 16892 | Lair:1   | Reached skill level 10 in Dodging
 17146 | Lair:1   | Killed an oklob plant
 17146 | Lair:1   | Killed an oklob plant
 17291 | Lair:2   | Noticed a five-headed hydra
 17297 | Lair:2   | Killed a five-headed hydra
 17507 | Lair:2   | Found a staircase to the Swamp.
 17604 | Lair:2   | Offered knowledge of Conjure Flame by Vehumet.
 17609 | Lair:2   | Learned a level 3 spell: Conjure Flame
 18007 | Lair:2   | Reached *** piety under Vehumet
 18116 | Lair:2   | Noticed a seven-headed hydra
 18236 | Lair:1   | HP: 3/67 [poisoned by a spiny frog]
 18244 | Lair:1   | HP: 3/67 [poisoned by a spiny frog]
 18396 | Lair:1   | Reached XP level 12. HP: 36/72 MP: 23/28
 18585 | Lair:1   | Noticed a five-headed hydra
 18618 | Lair:1   | Killed a five-headed hydra
 19662 | Lair:2   | Killed a seven-headed hydra
 20430 | Lair:2   | Offered knowledge of Mephitic Cloud by Vehumet.
 20603 | Lair:2   | Learned a level 3 spell: Mephitic Cloud
 21635 | Lair:3   | Got a smoking chain mail
 21653 | Lair:3   | Identified the +10 chain mail of Afomuthro {+Blink SInv}
                  | (You found it on level 3 of the Lair of Beasts)
 22098 | Lair:3   | Found a hole to the Spider Nest.
 22102 | Lair:3   | Reached **** piety under Vehumet
 22587 | Lair:3   | Offered knowledge of Sticky Flame by Vehumet.
 22851 | Lair:3   | Reached skill level 5 in Armour
 23257 | Lair:4   | Learned a level 4 spell: Cause Fear
 23594 | Lair:4   | Reached ***** piety under Vehumet
 23703 | Lair:4   | Offered knowledge of Lee's Rapid Deconstruction by Vehumet.
 24056 | Lair:4   | Got a shimmering long sword
 24217 | Lair:4   | Identified the +5 long sword of the Past {antimagic, rElec
                  | rN++ Str-2} (You found it on level 4 of the Lair of Beasts)
 24228 | Lair:5   | Noticed a five-headed hydra
 24234 | Lair:5   | Killed a five-headed hydra
 24234 | Lair:5   | Reached XP level 13. HP: 72/80 MP: 13/31
 25986 | Lair:6   | Entered Level 6 of the Lair of Beasts
 26090 | Lair:6   | Found a frozen archway.
 26365 | IceCv    | Entered an ice cave
 27734 | IceCv    | Got a scintillating silver ring
 27747 | IceCv    | Identified the ring "Qutoff" {rN+ MR+ MP+9 Str+3 Stlth+}
                  | (You found it in an ice cave)
 28936 | D:11     | Reached skill level 5 in Hexes
 30020 | D:11     | Found a staircase to the Orcish Mines.
 30029 | D:11     | Offered knowledge of Freezing Cloud by Vehumet.
 30030 | D:11     | Reached skill level 10 in Fighting
 32153 | D:12     | Reached XP level 14. HP: 88/88 MP: 27/33
 32395 | D:12     | Learned a level 6 spell: Freezing Cloud
 32809 | D:12     | Reached skill level 1 in Ice Magic
 32809 | D:12     | Reached skill level 1 in Air Magic
 32964 | D:12     | Found the +3 warlock's mirror {reflect}
 34179 | D:13     | Offered knowledge of Poison Arrow by Vehumet.
 34997 | D:12     | Shot with a bolt by a yaktaur captain

Skill      XL: |  1  2  3  4  5  6  7  8  9 10 11 12 13 14 |
---------------+-------------------------------------------+-----
Conjurations   | 5 6 7 9 10 11 12 13 | 13.8
Spellcasting   | 4 5 7 9 10 12 13 | 13.5
Shields        | 1 4 |  4.0
Dodging        | 3 7 9 10 12 | 12.0
Fighting       | 2 5 7 8 10 | 10.4
Hexes          | 4 6 |  6.2
Armour         | 1 3 5 6 7 |  7.2
Ice Magic      | 3 |  3.1
Air Magic      | 2 |  2.8
Stealth        | |  2.4

Action                   |  1- 3 |  4- 6 |  7- 9 | 10-12 | 13-15 || total
-------------------------+-------+-------+-------+-------+-------++-------
Melee: Whip              |       |       |    42 |   126 |    66 ||   234
 Fire: Hunting sling     |       |       |    10 |       |       ||    10
 Cast: Magic Dart        |    62 |    61 |    68 |    65 |    39 ||   295
       Searing Ray       |     4 |    25 |    82 |   115 |    66 ||   292
       Fulminant Prism   |       |       |     5 |    32 |    32 ||    69
       Iskenderun's Myst |       |       |       |   191 |   218 ||   409
       Conjure Flame     |       |       |       |    18 |    25 ||    43
       Mephitic Cloud    |       |       |       |       |     9 ||     9
       Cause Fear        |       |       |       |       |     8 ||     8
       Freezing Cloud    |       |       |       |       |     5 ||     5
Evoke: Box of beasts     |       |       |       |       |     4 ||     4
       Wand              |       |       |       |       |     1 ||     1
       Phantom mirror    |       |       |       |       |     1 ||     1
  Use: Potion            |       |       |     8 |     2 |     6 ||    16
       Scroll            |       |       |     7 |     5 |     7 ||    19
 Stab: Distracted        |       |       |       |       |     1 ||     1
  Eat: Chunk             |     1 |     7 |    18 |    21 |    15 ||    62
       Ration            |       |       |       |     7 |     6 ||    13
Armor: Robe              |     3 |     2 |       |       |       ||     5
       Leather armour    |       |     3 |    25 |    43 |    16 ||    87
       Skin              |       |       |    38 |       |       ||    38
       Troll leather arm |       |       |       |       |    65 ||    65
Dodge: Dodged            |     9 |    16 |    74 |   212 |   227 ||   538
Block: Buckler           |       |     1 |    56 |   137 |   108 ||   302
       Reflection        |       |       |       |       |     2 ||     2
